 Dungeon Crawl Stone Soup version 0.31-a0-868-g674d60d6f7 (webtiles) character file.

Game seed: 12513349374343656877

296978 Newt the Crack Shot (level 22, -18/123 HPs)
             Began as a Kobold Hunter on Oct 11, 2023.
             Was the Champion of Hepliaklqana.
             Succumbed to a redback's poison
             ... on level 3 of the Spider Nest.
             The game lasted 00:42:54 (32959 turns).

Newt the Crack Shot (Kobold Hunter)                Turns: 32959, Time: 00:42:55

Health: -18/123    AC: 22    Str: 13    XL:     22   Next: 23%
Magic:  47/47      EV: 36    Int: 11    God:    Hepliaklqana [******]
Gold:   1915       SH:  0    Dex: 27    Spells: 38/45 levels left

rFire   + . .        Q - +27 heavy crossbow "Sniper" {heavy, Acc+∞ SInv}
rCold   + . .        (shield currently unavailable)
rNeg    . . .        T - +2 leather armour of the Blue Moon {Rampage Str+3 Slay+2}
rPois   +            H - +2 hat {Will+}
rElec   +            x - scarf {harm}
rCorr   .            d - +3 pair of gauntlets of War {Slay+5}
SInv    +            w - +2 pair of boots {Fly}
Will    +++..        a - amulet of the Air {Inacc Air Fly rElec RMsl}
Stlth   ++++         S - ring of Doubts {rF+ MP+9}
HPRegen 0.40/turn    Y - ring of Rolasuiph {rPois rC+ AC+4 Int+2}
MPRegen 0.30/turn

%: inaccuracy (-5), harm (+30% outgoing, +20% incoming), repel missiles, rampage
@: lethally poisoned (-18 -> -148), flying, studying 2 skills
A: reduced essence, small, no large weapons, nightstalker 3, dopey 1,
strong-willed 1, shaggy fur 1
}: 1/15 runes: decaying
a: Renounce Religion, Recall Ancestor, Ancestor Identity, Transference, Idealise


You were on level 3 of the Spider Nest.
You worshipped Hepliaklqana.
Hepliaklqana was exalted by your worship.
You visited 7 branches of the dungeon, and saw 34 of its levels.
You also visited: Bailey, Gauntlet and Volcano.

You collected 4649 gold pieces.
You spent 2734 gold pieces at shops.

Inventory:

Hand Weapons
 Q - the +27 heavy crossbow "Sniper" (weapon) {heavy, Acc+∞ SInv}
   (You acquired it on level 14 of the Dungeon)

   Acc+∞: It never misses its target.
   SInv:      It lets you see invisible.
Missiles
 K - 3 throwing nets
Armour
 d - the +3 pair of gauntlets of War (worn) {Slay+5}
   (You acquired it on level 2 of the Dungeon)

   Slay+5:    It affects your accuracy & damage with ranged weapons and melee
   (+5).
 j - a +2 helmet
 w - a +2 pair of boots of flying (worn)
 x - a scarf of harm (worn)
 H - a +2 hat of willpower (worn)
 T - the +2 leather armour of the Blue Moon (worn) {Rampage Str+3 Slay+2}
   (You found it on level 13 of the Dungeon)

   Str+3:     It affects your strength (+3).
   Slay+2:    It affects your accuracy & damage with ranged weapons and melee
   (+2).
   Rampage:   It bestows one free step when moving towards enemies.
 V - a +1 leather armour of fire resistance
Jewellery
 a - the amulet of the Air (around neck) {Inacc Air Fly rElec RMsl}
   (You bought it in a shop on level 1 of the Dungeon)

   [amulet of nothing]

   Inacc:     It reduces the accuracy of your attacks and spells.
   Air:       It enhances your air magic.
   rElec:     It insulates you from electricity.
   Fly:       It grants you flight.
   RMsl:      It protects you from missiles.
 q - the ring of Nuvid {rF+ rN+ Stlth+}
   (You took it off a deep elf death mage on level 3 of the Elven Halls)

   [ring of protection from fire]

   rF+:       It protects you from fire.
   rN+:       It protects you from negative energy.
   Stlth+:    It makes you more stealthy.
 s - a ring of protection from cold
 v - an amulet of regeneration
 y - an amulet of the acrobat
 B - an amulet of faith
 P - a ring of willpower
 S - the ring of Doubts (left hand) {rF+ MP+9}
   (You found it in a Gauntlet)

   [ring of protection from fire]

   rF+:       It protects you from fire.
   MP+9:      It affects your magic capacity (+9).
 Y - the ring of Rolasuiph (right hand) {rPois rC+ AC+4 Int+2}
   (You took it off a minotaur in a Gauntlet)

   [ring of protection]

   AC+4:      It affects your AC (+4).
   Int+2:     It affects your intelligence (+2).
   rC+:       It protects you from cold.
   rPois:     It protects you from poison
 Z - an amulet of reflection
Wands
 b - a wand of mindburst (42)
 f - a wand of iceblast (13)
 g - a wand of digging (2)
 l - a wand of paralysis (36)
 u - a wand of flame (46)
 O - a wand of polymorph (13)
 R - a wand of quicksilver (39)
Scrolls
 i - 8 scrolls of blinking
 k - 19 scrolls of teleportation
 n - 6 scrolls of enchant weapon
 o - 9 scrolls of enchant armour
 t - a scroll of fear
 G - a scroll of brand weapon
 L - a scroll of silence
 U - 4 scrolls of revelation
Potions
 c - 8 potions of heal wounds
 e - 6 potions of brilliance
 h - 4 potions of resistance
 m - 4 potions of might
 p - 3 potions of enlightenment
 r - 3 potions of magic
 z - 5 potions of mutation
 A - 2 potions of cancellation
 C - 14 potions of curing
 F - 8 potions of haste
 I - 4 potions of lignification
 J - 3 potions of ambrosia
 X - 2 potions of invisibility
Miscellaneous
 M - a phantom mirror
 W - a lightning rod (4/4)


   Skills:
 - Level 14.0 Fighting
 - Level 22.0 Ranged Weapons
 - Level 14.0 Armour
 - Level 20.0 Dodging
 - Level 5.0 Stealth
 - Level 12.0 Spellcasting
 - Level 0.1 Conjurations
 - Level 8.7 Hexes
 + Level 2.0 Summonings
 - Level 8.7 Translocations
 + Level 2.0 Air Magic
 - Level 9.0 Invocations
 - Level 10.0 Evocations
 - Level 7.2 Shapeshifting


You had 38 spell levels left.
You knew the following spells:

 Your Spells              Type           Power      Damage    Failure   Level
a - Dimensional Bullseye  Hex/Tloc       12%        N/A       3%          4
b - Sigil of Binding      Hex            25%        N/A       1%          3

Your spell library contained the following spells:

 Spells                   Type           Power      Damage    Failure   Level
 Apportation              Tloc           50%        N/A       1%          1
 Blink                    Tloc           50%        N/A       1%          2
 Lesser Beckoning         Tloc           50%        N/A       1%          2
 Gell's Gravitas          Tloc           25%        N/A       1%          3
 Teleport Other           Tloc           25%        N/A       1%          3
 Ensorcelled Hibernation  Hex/Ice        32%        N/A       3%          2
 Momentum Strike          Conj/Tloc      32%        3d8       3%          2
 Manifold Assault         Tloc           25%        N/A       3%          4
 Summon Guardian Golem    Hex/Summ       18%        N/A       4%          3
 Summon Small Mammal      Summ           44%        N/A       5%          1
 Inner Flame              Hex/Fire       16%        N/A       6%          3
 Shock                    Conj/Air       52%        1d6       8%          1
 Foxfire                  Conj/Fire      24%        2x1d5     12%         1
 Kiss of Death            Conj/Necr      24%        2d7       12%         1
 Necrotise                Necr           24%        1d5       12%         1
 Sting                    Tmut/Pois      24%        1d4       12%         1
 Static Discharge         Conj/Air       26%        2-4/arc   12%         2
 Cigotuvi's Dreadful Rot  Necr/Pois/Air  24%        N/A       14%         2
 Vhi's Electric Charge    Tloc/Air       54%        N/A       14%         4
 Call Canine Familiar     Summ           11%        N/A       16%         3
 Swiftness                Air            16%        N/A       16%         3
 Passwall                 Tmut/Erth      5%         N/A       19%         2
 Leda's Liquefaction      Hex/Erth       8%         N/A       21%         4
 Frozen Ramparts          Ice            12%        1d2       36%         3
 Ignite Poison            Fire/Tmut/Pois 6%         N/A       36%         3
 Vampiric Draining        Necr           6%         2d6       36%         3
 Summon Forest            Summ/Tloc      9%         N/A       36%         5
 Summon Mana Viper        Hex/Summ       18%        N/A       36%         5
 Airstrike                Air            8%         2d(2-18)  45%         4
 Summon Lightning Spire   Summ/Air       16%        N/A       47%         4
 Dispersal                Tloc           12%        N/A       47%         6
 Yara's Violent Unravell  Hex/Tmut       8%         3d5       50%         5
 Animate Armour           Summ/Erth      16%        N/A       63%         4
 Summon Ice Beast         Ice/Summ       8%         N/A       63%         4
 Animate Dead             Necr           6%         N/A       77%         4
 Olgreb's Toxic Radiance  Pois           6%         N/A       77%         4
 Petrify                  Tmut/Erth      6%         N/A       77%         4
 Sticky Flame             Conj/Fire      6%         2d3       77%         4
 Arcjolt                  Conj/Air       6%         1d16      91%         5
 Freezing Cloud           Conj/Ice/Air   6%         6-21      94%         5
 Enfeeble                 Hex            12%        N/A       96%         7
 Agony                    Necr           6%         N/A       98%         5
 Borgnjor's Vile Clutch   Necr/Erth      3%         N/A       98%         5
 Irradiate                Conj/Tmut      3%         3d12      98%         5
 Lee's Rapid Deconstruct  Erth           3%         3d5*      98%         5
 Death Channel            Necr           3%         N/A       100%        6
 Eringya's Noxious Bog    Tmut/Pois      3%         4d6       100%        6
 Plasma Beam              Fire/Air       6%         2x1d17    100%        6
 Simulacrum               Ice/Necr       3%         N/A       100%        6
 Starburst                Conj/Fire      3%         6d3       100%        6
 Summon Cactus Giant      Summ           5%         N/A       100%        6
 Monstrous Menagerie      Summ           5%         N/A       100%        7
 Orb of Destruction       Conj           3%         9d5       100%        7
 Ozocubu's Refrigeration  Ice            3%         4d8       100%        7
 Spellforged Servitor     Conj/Summ      4%         N/A       100%        7
 Summon Hydra             Summ           5%         N/A       100%        7
 Ignition                 Fire           3%         3d4       100%        8
 Polar Vortex             Ice            3%         N/A       100%        9


Dungeon Overview and Level Annotations

Branches:
Dungeon (15/15)            Temple (1/1) D:4            Lair (5/5) D:9
  Swamp (4/4) Lair:2       Spider (4/4) Lair:3        Slime (0/5) Lair:5
    Orc (2/2) D:9             Elf (3/3) Orc:2        Vaults (0/5) D:14
 Depths (0/4) D:15         Bailey (visited)         Volcano (visited)
Gauntlet (visited)

Altars:
Ashenzari
Cheibriados
Dithmenos
Elyvilon
Fedhas
Gozag
Hepliaklqana
Kikubaaqudgha
Makhleb
Nemelex Xobeh
Okawaru
Qazlal
Ru
Sif Muna
Trog
Uskayaw
Vehumet
Wu Jian
Xom
Yredelemnul
Zin
The Shining One
Jiyva

Shops:
D:1 =   D:2 *=[[   D:9 ?[?   D:11 [   Orc:2 (*:(   Elf:2 [

Annotations:
D:4 2 runed translucent doors


Innate Abilities, Weirdness & Mutations

Your life essence is reduced to manifest your ancestor. (-10% HP)
You are small and have problems with some larger weapons.
You are completely attuned to the shadows.
You are dopey. (Int -2)
You are strong-willed. (Will+)
You are covered in fur. (AC +1)


Message History

The redback completely misses you. The tarantella completely misses you.
The pharaoh ant misses you. The tarantella misses you.
Unknown command.
You shoot a bolt. The bolt hits the tarantella!!!!
You kill the tarantella!
The redback bites you.
You are lethally poisoned!
The redback poisons you! The tarantella completely misses you.
The pharaoh ant completely misses you. The tarantella completely misses you.
The redback bites you! The tarantella completely misses you.
The pharaoh ant bites you but does no damage.
Namzu gestures wildly while chanting.
Namzu seems to speed up.
The tarantella completely misses you. The redback completely misses you.
The tarantella completely misses you.
Namzu hits the tarantella with a +0 broad axe of flaming!
Namzu burns the tarantella.
Namzu closely misses the redback.
The pharaoh ant bites you but does no damage.
The tarantella closely misses you. The redback bites you.
You feel extremely sick.
The tarantella attacks as it pursues you!
The tarantella completely misses you. The pharaoh ant completely misses you.
Namzu misses the tarantella.
Namzu barely misses the tarantella.
Namzu hits the redback with a +0 broad axe of flaming!
Namzu burns the redback.
The redback bites you but does no damage.
The tarantella completely misses you. The pharaoh ant misses you.
Unknown command.
* * * LOW HITPOINT WARNING * * *
You feel extremely sick.
Something blocks the tarantella's attack.
The redback attacks as it pursues you! The redback misses you.
Namzu passes through a web.
The redback closely misses you.
Unknown command.
Unknown command.
Unknown command.
You shoot a bolt. The bolt hits the redback!!!!
You kill the redback!
You die...

#.##.#.[^...##.......#........#.
##..#^..##^.##..^..#^..#..#.....
##..........####.#.##.#####..#.#.
#....?...#^#.##.#..#### #####..
###.#...#^.#...#..(# #..
##....#....#..#### ###..
##.......^......## ##^..>
##......#..#....# #..#..
##..^....##@.### #.....
#.........#..# ###...
#......##B.R## ###^ #..####..|..#
##. #######..^^.# ##### #.#
#.#..##.# #.^.###.. ##...#..##
#...^#... #.......# #.....#..
##......#########.......


You could see the friendly Namzu the knight (fast, reflecting) and a pharaoh ant
(ally target).

Vanquished Creatures
  Nikola (Spider:3)
  A tentacled monstrosity (Swamp:4)
  Mlioglotl (Spider:2)
  2 deep elf blademasters (Elf:3)
  3 deep elf master archers (Elf:3)
  Gastronok (Lair:1)
  Kirke (Lair:4)
  Donald (Elf:3)
  A fenstrider witch (Swamp:3)
  Aizul (Spider:2)
  5 emperor scorpions
  8 deep elf sorcerers (Elf:3)
  3 ghost moths (Spider:1)
  4 deep elf elementalists
  A broodmother (Spider:3)
  5 eleionomae
  3 deep elf demonologists
  3 red draconians (Volcano)
  2 spark wasps
  4 bunyips
  6 deep elf annihilators (Elf:3)
  A minotaur (Gauntlet)
  A dire elephant (Spider:1)
  10 deep elf death magi
  7 deep elf high priests
  2 entropy weavers
  3 ogre magi (Volcano)
  3 fire dragons (Swamp:4)
  14 hydras
  A merfolk avatar (Lair:5)
  3 centaur warriors (D:14)
  A radroach (Spider:2)
  3 ghost crabs
  A vault guard (D:14)
  6 alligators
  16 two-headed ogres
  9 boulder beetles
  2 tengu warriors
  23 dancing weapons
  A demonic crawler (Spider:3)
  2 orc high priests
  A spriggan berserker (Swamp:4)
  18 deep elf knights
  2 hell knights (Volcano)
  Sonja (Lair:3)
  7 skeletal warriors
  2 fire crabs (Swamp:4)
  3 skysharks
  A sea snake (Lair:5)
  A death drake (Gauntlet)
  9 orb spiders
  A sun moth (Spider:1)
  6 pharaoh ants
  6 spriggan druids
  2 goliath frogs
  A glowing orange brain (D:14)
  3 bog bodies
  9 swamp dragons
  7 deep elf archers
  4 orc knights
  6 spectral wolf spiders (Spider:2)
  A lindwurm (Swamp:4)
  19 deep elf zephyrmancers
  2 wizards (D:15)
  A necromancer (D:15)
  5 steelbarb worms
  6 wolf spider zombies
  9 orc sorcerers
  24 deep elf pyromancers
  2 harpies (Lair:5)
  2 oklob plants
  2 manticores
  13 ugly things
  11 wolf spiders
  2 moths of wrath
  A salamander (shapeshifter) (D:15)
  5 cyclopes
  3 will-o-the-wisps
  6 black mambas
  3 naga magi (D:15)
  19 elephants
  6 torpor snails
  2 centaur skeletons (D:15)
  15 cane toads
  An unseen horror (D:11)
  2 rime drakes
  Jeremiah (D:6)
  2 tengu conjurers (D:15)
  13 komodo dragons
  A freezing wraith (D:15)
  5 polar bears
  2 meliai (Spider:3)
  5 trolls
  7 tyrant leeches
  4 wolf spider simulacra
  6 hornets
  6 blink frogs
  A blink frog (shapeshifter) (D:11)
  3 dream sheep (Lair:5)
  A snapping turtle (Lair:5)
  11 tarantellas
  A raiju (Spider:1)
  A spectral meliai (Gauntlet)
  2 slime creatures (D:12)
  6 air elementals
  21 jumping spiders
  A shadow (D:11)
  35 yaks
  7 wyverns
  2 water elementals
  3 centaur simulacra
  14 culicivoras
  5 spriggans
  3 wraiths
  A hog (Lair:4)
  4 basilisks
  3 fire elementals
  2 steam dragons (Swamp:4)
  35 redbacks
  Grum (D:9)
  A harpy simulacrum (Gauntlet)
  11 vampire mosquitoes
  10 swamp worms
  7 wargs (Orc:2)
  3 acid dragons
  11 water moccasins
  16 swamp drakes
  2 black bears
  A hornet zombie (D:15)
  21 orc warriors
  15 centaurs
  3 ogres
  21 wolves
  3 gnoll sergeants
  9 bullfrogs
  3 scorpions
  An earth elemental (Elf:3)
  A hornet simulacrum (Gauntlet)
  17 wights
  5 killer bees (D:10)
  3 howler monkeys (D:13)
  2 electric eels (Elf:3)
  9 hounds
  2 jellies (Lair:5)
  2 gnoll boudas
  9 orc priests
  4 iguanas
  A sleepcap (D:7)
  29 orc wizards
  29 gnolls
  8 adders
  A shadow imp (D:6)
  8 white imps
  3 worms (Lair:3)
  4 dart slugs
  72 orcs
  7 bats
  8 endoplasms
  5 giant cockroaches
  6 goblins
  5 hobgoblins
  4 jackals
  A quokka (D:1)
  7 ball pythons
  6 frilled lizards
  12 kobolds
  7 rats
  A spectral kobold (D:3)
1049 creatures vanquished.

Vanquished Creatures (collateral kills)
  Arachne (Spider:3)
  An emperor scorpion (Spider:1)
  A deep elf elementalist (Elf:3)
  4 deep elf sorcerers (Elf:3)
  A bunyip (Swamp:2)
  2 deep elf annihilators (Elf:3)
  A dire elephant (Spider:1)
  A deep elf high priest (Elf:3)
  A jorogumo (Spider:3)
  2 alligators
  A hydra (Lair:5)
  A two-headed ogre (D:13)
  A dancing weapon (Elf:1)
  A death yak (Lair:4)
  A demonic crawler (Spider:1)
  A deep elf knight (Elf:2)
  2 spriggans (Swamp:1)
  A skyshark (Lair:5)
  2 sun moths
  A slime creature (D:12)
  4 swamp dragons
  3 ugly things
  A wolf spider (Spider:1)
  An orc sorcerer (Orc:2)
  2 elephants (Lair:3)
  A cyclops (D:13)
  A centaur zombie (D:15)
  A centaur skeleton (D:15)
  An unseen horror (D:11)
  2 komodo dragons
  A meliai (Spider:3)
  A polar bear (Lair:5)
  A hornet (Swamp:1)
  A meliai zombie (Gauntlet)
  2 blink frogs (Lair:3)
  3 jumping spiders
  A centaur simulacrum (Gauntlet)
  A culicivora (Spider:2)
  A wyvern (Lair:2)
  3 yaks (D:9)
  A vampire mosquito (D:12)
  A steam dragon (Swamp:4)
  3 redbacks (Spider:2)
  3 water moccasins
  3 swamp drakes (Swamp:4)
  3 orc warriors
  3 wolves
  A kobold brigand (D:8)
  A gnoll sergeant (D:9)
  2 wights
  A howler monkey (D:9)
  2 hounds
  An iron imp (D:7)
  A jelly (Lair:5)
  3 orc priests
  A gnoll bouda (D:8)
  9 orc wizards
  A gnoll (D:9)
  A shadow imp (D:6)
  6 white imps (Lair:5)
  24 orcs
  An endoplasm (Lair:5)
  A kobold (D:8)
  2 butterflies (D:5)
134 creatures vanquished.

Vanquished Creatures (others)
  A bunyip (Swamp:1)
  A tengu warrior (D:15)
  A swamp dragon (Swamp:4)
  A bloated husk (Swamp:1)
  A human (Lair:4)
  An electric eel (Elf:1)
  9 knights
  2 ancestors (D:6)
17 creatures vanquished.

Grand Total: 1200 creatures vanquished

Notes
Turn   | Place    | Note
-------+----------+-------------------------------------------
     0 | D:1      | Newt the Kobold Hunter began the quest for the Orb.
     0 | D:1      | Reached XP level 1. HP: 12/12 MP: 1/1
    65 | D:1      | Found Emihiel's Jewellery Emporium.
   132 | D:1      | Reached XP level 2. HP: 11/18 MP: 2/2
   457 | D:1      | Reached XP level 3. HP: 18/23 MP: 3/3
   849 | D:2      | Identified a scroll of acquirement
   849 | D:2      | Acquired the +3 pair of gauntlets of War {Slay+5}
   849 | D:2      | Found the +3 pair of gauntlets of War {Slay+5}
   928 | D:2      | Found Houlushry's Antique Armour Shop.
   932 | D:2      | Found Jygguhowu's Antique Armour Shop.
  1003 | D:2      | Found Sextiw's Assorted Antiques.
  1033 | D:2      | Reached XP level 4. HP: 30/30 MP: 4/4
  1264 | D:2      | Found Ithuetux's Jewellery Boutique.
  1567 | D:3      | Found a faded altar of an unknown god.
  1603 | D:3      | Reached skill level 5 in Fighting
  1633 | D:3      | Found a shadowy altar of Dithmenos.
  1742 | D:3      | Found a sacrificial altar of Ru.
  1940 | D:3      | Reached XP level 5. HP: 35/35 MP: 5/5
  2476 | D:4      | Noticed a water moccasin
  2836 | D:4      | Killed a water moccasin
  2837 | D:4      | Reached skill level 7 in Ranged Weapons
  2837 | D:4      | Reached XP level 6. HP: 14/40 MP: 6/6
  2846 | D:4      | HP: 2/40 [poisoned by a water moccasin]
  3293 | D:4      | Found a large runed translucent door.
  3293 | D:4      | Found a large runed translucent door.
  3430 | D:4      | Found a staircase to the Ecumenical Temple.
  3441 | Temple   | Entered the Ecumenical Temple
  3461 | Temple   | Became a worshipper of Hepliaklqana the Forgotten
  4174 | D:5      | Entered Level 5 of the Dungeon
  4179 | D:5      | Reached skill level 8 in Ranged Weapons
  4269 | D:2      | Bought a faintly humming leather armour for 182 gold pieces
  4269 | D:2      | Identified the +0 leather armour of Impressiveness {Harm
                  | rElec Str-3 Stlth+} (You bought it in a shop on level 2 of
                  | the Dungeon)
  4424 | D:5      | Reached XP level 7. HP: 44/44 MP: 7/7
  4595 | D:5      | Reached * piety under Hepliaklqana
  4725 | D:5      | Found a shimmering altar of Xom.
  4878 | D:5      | Reached skill level 9 in Ranged Weapons
  5037 | D:6      | Found a white marble altar of Elyvilon.
  5238 | D:6      | Reached skill level 10 in Ranged Weapons
  5262 | D:6      | Identified the +5 dagger of the Known World {holy, rPois
                  | Dex+3}
  5371 | D:6      | Noticed Jeremiah
  5431 | D:6      | Killed Jeremiah
  5432 | D:6      | Reached skill level 5 in Dodging
  5432 | D:6      | Reached XP level 8. HP: 33/44 MP: 8/8
  5879 | D:7      | Found a snail-covered altar of Cheibriados.
  5981 | D:7      | Reached ** piety under Hepliaklqana
  5982 | D:7      | Remembered your ancestor Namzu as a knight
  6012 | D:7      | Reached XP level 9. HP: 48/48 MP: 9/9
  6070 | D:7      | Found an opulent altar of Gozag.
  6086 | D:7      | Reached skill level 10 in Dodging
  6141 | D:7      | Found a blossoming altar of Fedhas.
  6511 | D:8      | Found an ancient bone altar of Kikubaaqudgha.
  6568 | D:8      | Reached skill level 11 in Ranged Weapons
  6719 | D:8      | Found a flagged portal.
  6731 | Bailey   | Entered a bailey
  6835 | Bailey   | Reached skill level 12 in Ranged Weapons
  6909 | Bailey   | Reached *** piety under Hepliaklqana
  7017 | Bailey   | Noticed an orc knight
  7017 | Bailey   | Noticed an orc knight
  7025 | Bailey   | Reached skill level 13 in Ranged Weapons
  7028 | Bailey   | Reached XP level 10. HP: 37/53 MP: 10/10
  7047 | Bailey   | Killed an orc knight
  7048 | Bailey   | Reached skill level 14 in Ranged Weapons
  7065 | Bailey   | Killed an orc knight
  7066 | Bailey   | Reached skill level 15 in Ranged Weapons
  7237 | Bailey   | Reached skill level 1 in Shapeshifting
  8132 | D:9      | Found Fiwac's Magic Scroll Emporium.
  8137 | D:9      | Bought a scroll of identify for 30 gold pieces
  8137 | D:9      | Bought a scroll of identify for 30 gold pieces
  8139 | D:9      | Reached XP level 11. HP: 56/56 MP: 11/11
  8160 | D:9      | Found a staircase to the Lair.
  8212 | D:9      | Reached skill level 5 in Stealth
  8318 | D:9      | Found a staircase to the Orcish Mines.
  8343 | D:9      | Found Zomumy's Magic Scroll Shop.
  8347 | D:9      | Bought a scroll of identify for 26 gold pieces
  8347 | D:9      | Bought a scroll of identify for 26 gold pieces
  8484 | D:2      | Bought a vibrating zirconium amulet for 105 gold pieces
  8484 | D:2      | Identified the amulet "Zagojub" {Faith Int+4} (You bought
                  | it in a shop on level 2 of the Dungeon)
  8634 | D:10     | Entered Level 10 of the Dungeon
  8688 | D:9      | Reached XP level 12. HP: 64/64 MP: 12/12
  8914 | D:9      | Noticed Grum
  8916 | D:9      | Killed Grum
  8960 | D:9      | Found Umuits's Antique Armour Shop.
  9283 | D:10     | Found a basalt altar of Yredelemnul.
  9462 | D:10     | Found an ornate altar of the Wu Jian Council.
 10061 | D:11     | Reached **** piety under Hepliaklqana
 10136 | D:11     | Reached skill level 10 in Armour
 10138 | D:11     | Reached skill level 1 in Invocations
 10158 | D:11     | Found Goam's Armour Boutique.
 10176 | D:11     | Noticed a skeletal warrior
 10184 | D:11     | Noticed a skeletal warrior
 10185 | D:11     | Killed a skeletal warrior
 10185 | D:11     | Noticed a skeletal warrior
 10206 | D:11     | Killed a skeletal warrior
 10211 | D:11     | Killed a skeletal warrior
 10212 | D:11     | Reached skill level 5 in Invocations
 10252 | D:11     | Noticed a skeletal warrior
 10256 | D:11     | Killed a skeletal warrior
 10426 | D:11     | Noticed a two-headed ogre
 10430 | D:11     | Killed a two-headed ogre
 10461 | D:12     | Reached XP level 13. HP: 72/72 MP: 18/18
 11226 | D:13     | Reached skill level 5 in Evocations
 11326 | D:13     | Identified the +1 leather armour of Starshine {Harm rElec
                  | Dex-3}
 11462 | D:13     | Identified the +2 leather armour of the Blue Moon {Rampage
                  | Str+3 Slay+2}
 11946 | D:14     | Acquired the +27 heavy crossbow "Sniper" {heavy, Acc+∞
                  | SInv}
 11946 | D:14     | Found the +27 heavy crossbow "Sniper" {heavy, Acc+∞ SInv}
 11956 | D:14     | Noticed a centaur warrior
 11958 | D:14     | Killed a centaur warrior
 12014 | D:14     | Reached ***** piety under Hepliaklqana
 12082 | D:14     | Reached skill level 10 in Evocations
 12099 | D:14     | Noticed a centaur warrior
 12100 | D:14     | Killed a centaur warrior
 12144 | D:14     | Found a runed translucent door.
 12199 | D:14     | Noticed a vault guard
 12201 | D:14     | Killed a vault guard
 12202 | D:14     | Noticed a centaur warrior
 12206 | D:14     | Found a gate to the Vaults.
 12280 | D:14     | Noticed a centaur warrior
 12282 | D:14     | Killed a centaur warrior
 12283 | D:14     | Reached XP level 14. HP: 77/77 MP: 20/20
 12900 | D:15     | Entered Level 15 of the Dungeon
 12917 | D:15     | Found a gate leading to a gauntlet.
 12925 | Gauntlet | Entered a Gauntlet
 12925 | Gauntlet | Found a transporter.
 12931 | Gauntlet | Found a transporter.
 12937 | Gauntlet | Noticed a cacodemon
 12959 | Gauntlet | Found a transporter.
 12981 | Gauntlet | Found a transporter.
 13022 | Gauntlet | Found a transporter.
 13026 | Gauntlet | Found a runed translucent door.
 13050 | Gauntlet | Found a transporter.
 13076 | Gauntlet | Found a runed translucent door.
 13105 | Gauntlet | Found a transporter.
 13105 | Gauntlet | Found a transporter.
 13117 | Gauntlet | Found a transporter.
 13172 | Gauntlet | Identified the ring of Doubts {rF+ MP+9}
 13203 | Gauntlet | Identified the +2 pair of gloves of the Salamander {Int+3
                  | Dex+3}
 13216 | Gauntlet | Found the dreamshard necklace {Acrobat *Dream}
 13216 | Gauntlet | Identified the ring of Rolasuiph {rPois rC+ AC+4 Int+2}
 13216 | Gauntlet | Noticed a minotaur
 13219 | Gauntlet | Killed a minotaur
 14069 | D:15     | Reached XP level 15. HP: 40/81 MP: 21/21
 14123 | D:15     | Reached skill level 16 in Ranged Weapons
 14195 | D:15     | Found a staircase to the Depths.
 14546 | Orc:1    | Entered Level 1 of the Orcish Mines
 14690 | D:2      | Bought a scroll of acquirement for 1092 gold pieces
 14691 | D:2      | Acquired 588 gold pieces
 14694 | D:2      | Bought a scroll of identify for 42 gold pieces
 14694 | D:2      | Bought a scroll of identify for 42 gold pieces
 14733 | D:2      | Bought a runed scarf for 224 gold pieces
 15125 | Orc:2    | Entered Level 2 of the Orcish Mines
 15399 | Orc:2    | Reached skill level 17 in Ranged Weapons
 15437 | Orc:2    | Found Vubram's Antique Weapon Shop.
 15447 | Orc:2    | Found Rutups's Assorted Antiques.
 15517 | Orc:2    | Found a staircase to the Elven Halls.
 15979 | Orc:2    | Found Emoch's Book Shop.
 15988 | Orc:2    | Found Seuce's Antique Weapon Shoppe.
 16173 | Lair:1   | Entered Level 1 of the Lair of Beasts
 16205 | Lair:1   | Noticed Gastronok
 16208 | Lair:1   | Killed Gastronok
 16209 | Lair:1   | Reached skill level 18 in Ranged Weapons
 16452 | Lair:1   | Found a basalt altar of Yredelemnul.
 16693 | Lair:1   | Reached skill level 1 in Spellcasting
 16693 | Lair:1   | Reached skill level 1 in Hexes
 16693 | Lair:1   | Reached skill level 1 in Translocations
 17206 | Lair:2   | Found a dark tunnel.
 17224 | Volcano  | Entered a volcano
 17318 | Volcano  | Found a large runed translucent door.
 17319 | Volcano  | Found a large runed translucent door.
 17333 | Volcano  | Found a large runed translucent door.
 17333 | Volcano  | Found a large runed translucent door.
 17402 | Volcano  | Found a large runed translucent door.
 17403 | Volcano  | Found a large runed translucent door.
 17410 | Volcano  | Found a large runed translucent door.
 17412 | Volcano  | Found a large runed translucent door.
 17495 | Volcano  | Found a large runed translucent door.
 17495 | Volcano  | Found a large runed translucent door.
 17506 | Volcano  | Found a large runed translucent door.
 17511 | Volcano  | Found a large runed translucent door.
 17524 | Volcano  | Found a large runed translucent door.
 17525 | Volcano  | Found a large runed translucent door.
 17531 | Volcano  | Found a large runed translucent door.
 17532 | Volcano  | Found a large runed translucent door.
 17534 | Volcano  | Found a large runed translucent door.
 17534 | Volcano  | Found a large runed translucent door.
 17770 | Volcano  | Reached XP level 16. HP: 86/86 MP: 22/22
 18033 | Lair:2   | Reached ****** piety under Hepliaklqana
 18151 | Lair:2   | Found a staircase to the Swamp.
 18248 | Lair:2   | Learned a level 4 spell: Dimensional Bullseye
 18767 | Lair:2   | Identified the +6 shortbow of Gyck {drain, *Slow Fly rN+}
 18778 | Lair:2   | Reached skill level 5 in Spellcasting
 18780 | Lair:2   | Reached skill level 5 in Hexes
 18781 | Lair:2   | Reached skill level 5 in Translocations
 19142 | Lair:3   | Noticed Sonja
 19143 | Lair:3   | Killed Sonja
 19283 | Lair:3   | Gained mutation: Armour fits poorly on your strangely
                  | shaped body. [potion of mutation]
 19283 | Lair:3   | Gained mutation: You occasionally shout uncontrollably at
                  | your foes. [potion of mutation]
 19283 | Lair:3   | Gained mutation: You expend magic power (3 MP) to
                  | strengthen your wands. [potion of mutation]
 19284 | Lair:3   | Lost mutation: You occasionally shout uncontrollably at
                  | your foes. [potion of mutation]
 19284 | Lair:3   | Lost mutation: You expend magic power (3 MP) to strengthen
                  | your wands. [potion of mutation]
 19284 | Lair:3   | Lost mutation: Armour fits poorly on your strangely shaped
                  | body. [potion of mutation]
 19284 | Lair:3   | Gained mutation: You expend magic power (3 MP) to
                  | strengthen your wands. [potion of mutation]
 19284 | Lair:3   | Gained mutation: You have sharp fingernails. [potion of
                  | mutation]
 19285 | Lair:3   | Lost mutation: You expend magic power (3 MP) to strengthen
                  | your wands. [potion of mutation]
 19285 | Lair:3   | Lost mutation: You have sharp fingernails. [potion of
                  | mutation]
 19285 | Lair:3   | Gained mutation: You are clumsy. (Dex -2) [potion of
                  | mutation]
 19285 | Lair:3   | Gained mutation: Your muscles are strong. (Str +4, Int/Dex
                  | -1) [potion of mutation]
 19285 | Lair:3   | Gained mutation: Your movements are slightly less
                  | encumbered by armour. (ER -2) [potion of mutation]
 19285 | Lair:3   | Gained mutation: Your muscles are very strong. (Str +8,
                  | Int/Dex -2) [potion of mutation]
 19286 | Lair:3   | Lost mutation: Your muscles are very strong. (Str +8,
                  | Int/Dex -2) [potion of mutation]
 19286 | Lair:3   | Lost mutation: Your movements are slightly less encumbered
                  | by armour. (ER -2) [potion of mutation]
 19286 | Lair:3   | Lost mutation: Your muscles are strong. (Str +4, Int/Dex
                  | -1) [potion of mutation]
 19287 | Lair:3   | Lost mutation: You are clumsy. (Dex -2) [potion of
                  | mutation]
 19287 | Lair:3   | Gained mutation: You are strong-willed. (Will+) [potion of
                  | mutation]
 19287 | Lair:3   | Gained mutation: You are covered in fur. (AC +1) [potion of
                  | mutation]
 19287 | Lair:3   | Gained mutation: You are dopey. (Int -2) [potion of
                  | mutation]
 19420 | Lair:3   | Found a hole to the Spider Nest.
 20186 | Lair:4   | Noticed Kirke
 20190 | Lair:4   | Killed Kirke
 20302 | Lair:4   | You fall into a shaft and drop 1 floor!
 20302 | Lair:5   | Entered Level 5 of the Lair of Beasts
 20615 | Lair:5   | Found a viscous altar of Jiyva.
 20617 | Lair:5   | Found a staircase to the Slime Pits.
 20666 | Lair:5   | Reached XP level 17. HP: 90/90 MP: 28/28
 20813 | Lair:5   | Identified the +2 leather armour "Opuoc" {rF- rC+++ rCorr
                  | Str+3}
 20819 | Lair:5   | Identified the +3 trident of the Modern Nightcaps {freeze,
                  | Will+}
 21652 | Swamp:1  | Entered Level 1 of the Swamp
 21674 | Swamp:1  | HP: 2/90 [acid[a spriggan druid] (6)]
 21679 | Swamp:1  | HP: 2/90 [acid[a spriggan druid] (5)]
 22004 | Swamp:1  | Got an innocuous book
 22563 | Swamp:2  | Reached skill level 10 in Fighting
 23662 | Swamp:4  | Entered Level 4 of the Swamp
 23690 | Swamp:4  | Reached XP level 18. HP: 101/101 MP: 30/30
 23690 | Swamp:4  | Identified the +9 war axe "Kuismuto" {protect, rElec rPois
                  | Int+3}
 24321 | Swamp:4  | Noticed a tentacled monstrosity
 24323 | Swamp:4  | Killed a tentacled monstrosity
 24545 | Swamp:4  | Reached skill level 19 in Ranged Weapons
 24573 | Swamp:4  | Identified the +0 scale mail of Tartarus {rC+}
 24597 | Swamp:4  | Got a decaying rune of Zot
 24916 | D:1      | Bought an amulet of reflection for 300 gold pieces
 24916 | D:1      | Bought the amulet of the Air {Inacc Air Fly rElec RMsl} for
                  | 376 gold pieces
 24916 | D:1      | Found the amulet of the Air {Inacc Air Fly rElec RMsl}
 25133 | Elf:1    | Entered Level 1 of the Elven Halls
 26003 | Elf:1    | Reached skill level 20 in Ranged Weapons
 26031 | Elf:1    | Found the +8 Vampire's Tooth {megavamp}
 26897 | Elf:2    | Reached skill level 21 in Ranged Weapons
 26963 | Elf:2    | Reached XP level 19. HP: 79/108 MP: 31/31
 27259 | Elf:2    | Found a runed translucent gate.
 27259 | Elf:2    | Found a runed translucent gate.
 27259 | Elf:2    | Found a runed translucent gate.
 27318 | Elf:2    | Found Zinellua's Antique Armour Boutique.
 27323 | Elf:2    | Bought a glowing hat for 259 gold pieces
 27407 | Elf:2    | Reached skill level 22 in Ranged Weapons
 27960 | Elf:3    | Entered Level 3 of the Elven Halls
 28186 | Elf:3    | Identified the +1 morningstar of the Shining Light {flame,
                  | +Blink rElec rF- rC+}
 28599 | Elf:3    | Noticed a deep elf blademaster
 28600 | Elf:3    | Killed a deep elf blademaster
 28600 | Elf:3    | Noticed a deep elf blademaster
 28604 | Elf:3    | Killed a deep elf blademaster
 28605 | Elf:3    | Reached skill level 15 in Dodging
 28692 | Elf:3    | Reached skill level 10 in Spellcasting
 28694 | Elf:3    | Reached XP level 20. HP: 94/114 MP: 34/34
 28766 | Elf:3    | Got a curious book
 28780 | Elf:3    | Got a torn book
 28842 | Elf:3    | Identified the +1 chain mail of Kaoqeh {Int+3}
 28850 | Elf:3    | Got a well-preserved book
 29021 | Elf:3    | Identified the ring of Nuvid {rF+ rN+ Stlth+}
 29335 | Elf:3    | Noticed Donald
 29337 | Elf:3    | Killed Donald
 29765 | Spider:1 | Entered Level 1 of the Spider Nest
 30761 | Spider:2 | Noticed Aizul
 30762 | Spider:2 | Killed Aizul
 30913 | Spider:2 | Noticed Mlioglotl
 30915 | Spider:2 | Killed Mlioglotl
 31287 | Spider:2 | Reached XP level 21. HP: 118/118 MP: 37/37
 31305 | Spider:2 | Learned a level 3 spell: Sigil of Binding
 31612 | Spider:2 | Reached XP level 22. HP: 123/123 MP: 38/38
 31791 | Spider:3 | Noticed Nikola
 31795 | Spider:3 | Killed Nikola
 32500 | Spider:4 | Entered Level 4 of the Spider Nest
 32512 | Spider:4 | Reached skill level 1 in Summonings
 32512 | Spider:4 | Reached skill level 1 in Air Magic
 32585 | Spider:4 | Noticed Arachne
 32589 | Spider:3 | Killed Arachne
 32959 | Spider:3 | Succumbed to a redback's poison

Illustrated notes

Levels and vault maps discovered:
D:1:      scummos_arrival_star, layout_basic, serial_shops,
          nicolae_shop_gaudy_bauble, serial_bayou_lagoon_b
D:2:      layout_basic, serial_shops, shop, nicolae_shop_window_shopping, shop,
          shop, minmay_pentomino_q2
D:3:      layout_basic, mainiacjoe_overflow_brackets, lemuel_round_altar,
          dreamdust_ecumenical_altar_drowned_temple
D:4:      layout_loops_corners, minmay_temple_entry_mini_moons,
          ebering_ghost_disaster_area
D:5:      layout_rooms, xom_butterflies
D:6:      layout_basic, mainiacjoe_overflow_chevrons, uniq_jeremiah
D:7:      layout_rooms, mainiacjoe_overflow_divided_tiny, slow_altar_2,
          chequers_serial_rivers_small_b, grunt_ministairs_2,
          serial_bayou_pond_e
D:8:      layout_basic, mainiacjoe_overflow_small_starburst, enter_bailey_7,
          roderic_serpentine_path, hangedman_decor_riveting
D:9:      layout_cave_pools, david_lair_shrubbed, serial_gnoll_camp,
          grums_kennel, gnoll_camp_mini_shop, gnoll_camp_mini_house,
          gnoll_camp_medium_01, gnoll_camp_mini_shop, gnoll_camp_mini_shop
D:10:     layout_basic, pdpol_wu_jian_five_deadly_venoms,
          nicolae_overflow_crystal_walls, kennysheep_generic_room_13
D:11:     layout_rooms, serial_shops, kennysheep_mini_moat, abandoned_shop
D:12:     layout_roguey
D:13:     layout_loops_cross, minmay_misc_feat_diagonals
D:14:     layout_roguey, hellmonk_vaults_order_and_chaos,
          infiniplex_staircase_pillars_1, lightli_church_of_beogh
D:15:     grunt_enter_depths_magical_seal, layout_stronghold,
          gauntlet_entry_generic
Temple:   nicolae_temple_hex_pool
Lair:1:   layout_gridlike, basic_altar, grunt_megastairs_4, uniq_gastronok
Lair:2:   nzn_winding_woodlands_medium [nzn_winding_woodlands_5x5_three,
          nzn_winding_woodlands_5x15_crooked,
          nzn_winding_woodlands_5x5_open_star,
          nzn_winding_woodlands_5x5_checkerboard,
          nzn_winding_woodlands_center_diamonds,
          nzn_winding_woodlands_hourglass, nzn_winding_woodlands_5x5_cross,
          nzn_winding_woodlands_5x15_garden, nzn_winding_woodlands_5x5_default],
          layout_cave_pods, swamp_mist, nicolae_volcano_entry_hallway,
          small_statue_intersection
Lair:3:   layout_hall_layers, nicolae_spider_entry_non_spiders,
          grunt_megastairs_5, serial_bayou_shore_b, uniq_sonja
Lair:4:   layout_cave_pods, serial_bayou_shore_b, uniq_kirke
Lair:5:   gammafunk_lair_ancient_temple, layout_cellular_growth,
          nicolae_slime_entry_slimehenge, portal_ice_cave_entry_imps,
          dreamdust_gnoll_shepherd
Swamp:1:  layout_falls_marsh, evilmike_swamp_ruin_house_4, swamp_pool5,
          wheals_swamp_sinkhole, st_swamp_ruins_1
Swamp:2:  layout_basic_swamp, hangedman_swamp_cone
Swamp:3:  nicolae_swamp_ascending_descending_big, layout_basic_swamp,
          evilmike_swamp_ruin_house_2, swamp_pool2
Swamp:4:  swamp_fiery, layout_basic_swamp
Spider:1: nicolae_spider_corner, beargit_elvish_explorers
Spider:2: nicolae_spider_hilbert_zone_3 [nicolae_spider_hilbert_4_sides_2_open,
          nicolae_spider_hilbert_3_sides_1_open,
          nicolae_spider_hilbert_3_sides_1_open,
          nicolae_spider_hilbert_3_sides_1_open,
          nicolae_spider_hilbert_3_sides_1_open,
          nicolae_spider_hilbert_4_sides_1_open,
          nicolae_spider_hilbert_4_sides_1_open,
          nicolae_spider_hilbert_4_sides_1_open,
          nicolae_spider_hilbert_4_sides_1_open,
          nicolae_spider_hilbert_4_sides_1_open,
          nicolae_spider_hilbert_4_sides_1_open,
          nicolae_spider_hilbert_4_sides_1_open,
          nicolae_spider_hilbert_4_sides_1_open,
          nicolae_spider_hilbert_3_sides_1_open,
          nicolae_spider_hilbert_3_sides_1_open,
          nicolae_spider_hilbert_3_sides_1_open,
          nicolae_spider_hilbert_3_sides_1_open],
          nicolae_spider_undead_wolf_pack, uniq_mlioglotl, uniq_aizul
Spider:3: layout_spider_delve, uniq_nikola
Spider:4: guppyfry_spider_rune, uniq_arachne, uniq_mara
Orc:1:    nicolae_orc_accident_2, layout_caves, serial_shops, shop
Orc:2:    st_orc_town, layout_caves
Elf:1:    eino_elf_arrival_shootout, layout_gridlike,
          kennysheep_underground_church, minmay_fountain_box, corner_web_ring,
          minmay_misc_feat_ornament, minivault_4, drop_trap,
          columned_hall_lemuel
Elf:2:    elven_hall_of_blades_hangedman_original
          [nicolae_blade_entry_antechamber], layout_rooms,
          serial_co_window_serial, co_window_cross_1, co_window_corner_a,
          co_window_paths_b, co_window_paths_a, co_window_of_opportunity_a,
          co_window_cross_1, co_window_corner_ca, co_window_corner_ca,
          co_window_of_opportunity_c, glass_columns_b, glass_columns_a,
          serial_shops, shop, nrook_loot_triangle, statue_in_the_mist_lemuel
Elf:3:    nooodl_elf_gasket, layout_geoelf_castle, uniq_donald

Skill      XL: |  1  2  3  4  5  6  7  8  9 10 11 12 13 14 15 16 17 18 19 20 21 22 |
---------------+-------------------------------------------------------------------+-----
Fighting       | 3 4 5 7 9 12 14 | 14.0
Ranged Weapons | 7 8 10 13 15 18 21 22 | 22.0
Dodging        | 5 8 10 15 18 19 20 | 20.0
Shapeshifting  | 7 |  7.2
Armour         | 8 10 11 14 | 14.0
Stealth        | 5 |  5.0
Invocations    | 7 9 |  9.0
Evocations     | 10 | 10.0
Spellcasting   | 4 7 8 10 12 | 12.0
Hexes          | 3 7 8 |  8.7
Translocations | 3 7 8 |  8.7
Summonings     | 2 |  2.0
Air Magic      | 2 |  2.0
Conjurations   | |  0.1

Action                     |  1- 3 |  4- 6 |  7- 9 | 10-12 | 13-15 | 16-18 | 19-21 | 22-24 || total
---------------------------+-------+-------+-------+-------+-------+-------+-------+-------++-------
   Fire: Shortbow          |    91 |   107 |   257 |    50 |       |       |       |       ||   505
         Orcbow            |       |       |       |   282 |   122 |       |       |       ||   404
         Heavy crossbow    |       |       |       |       |   272 |   378 |   256 |    64 ||   970
   Cast: Dimensional Bulls |       |       |       |       |       |     8 |     6 |     1 ||    15
 Invoke: Ancestor Life: Kn |       |       |     1 |       |       |       |       |       ||     1
         Recall Ancestor   |       |       |       |       |       |     4 |       |     1 ||     5
  Evoke: Wand              |       |       |     4 |     4 |       |       |     1 |       ||     9
    Use: Scroll            |     2 |     3 |     6 |     4 |    11 |     6 |       |     2 ||    34
         Potion            |       |     3 |     1 |     2 |       |     7 |     1 |       ||    14
 Armour: Leather armour    |    25 |    40 |    23 |    20 |    52 |   159 |    58 |    26 ||   403
  Dodge: Dodged            |    44 |    39 |    80 |    61 |   173 |   435 |   110 |   134 ||  1076
         Repelled          |       |       |       |       |       |     2 |     2 |       ||     4

Table legend: (Time is in decaauts)
 A = Elapsed time spent in this place.
 B = Non-inter-level travel time spent in this place.
 C = Inter-level travel time spent in this place.
 D = Time resting spent in this place.
 E = Time spent auto-exploring this place.
 F = Levels seen in this place.
 G = Mean time per level.
                   A        B        C        D        E       F      G
               +--------+--------+--------+--------+--------+-----+--------+
         Total |  34505 |  31314 |   3191 |   2872 |  22778 |  37 |  932.6 |
       Dungeon |  14572 |  12579 |   1993 |    827 |   9698 |  15 |  971.5 |
        Temple |     40 |      1 |     39 |      0 |      0 |   1 |   40.0 |
          Lair |   5601 |   5128 |    473 |    283 |   3745 |   5 | 1120.2 |
         Swamp |   3058 |   2951 |    107 |    406 |   2070 |   4 |  764.5 |
   Spider Nest |   3442 |   3281 |    161 |    621 |   2018 |   4 |  860.5 |
  Orcish Mines |   1472 |   1326 |    146 |     51 |    976 |   2 |  736.0 |
   Elven Halls |   4632 |   4363 |    269 |    570 |   3116 |   3 | 1544.0 |
        Bailey |    539 |    539 |      0 |    114 |    312 |   1 |  539.0 |
       Volcano |    755 |    755 |      0 |      0 |    596 |   1 |  755.0 |
      Gauntlet |    390 |    390 |      0 |      0 |    246 |   1 |  390.0 |
               +--------+--------+--------+--------+--------+-----+--------+

Top non-repeatable levels by time:
     D:4: 1881 daAuts
  Lair:2: 1723 daAuts
   Elf:3: 1659 daAuts
   Elf:2: 1576 daAuts
  Lair:5: 1405 daAuts
   Elf:1: 1397 daAuts
     D:3: 1315 daAuts
    D:15: 1278 daAuts
Spider:3: 1269 daAuts
     D:8: 1251 daAuts
   Orc:2: 1179 daAuts
Spider:2: 1135 daAuts
  Lair:1: 1065 daAuts
 Swamp:4: 1052 daAuts
    D:14: 1046 daAuts
